 Dungeon Crawl Stone Soup version 0.28-a0-1389-gc726bef33b (webtiles) character file.

Game seed: 15230137392069839581

135 SensoryNuts the Skirmisher (level 4, -5/35 HPs)
             Began as a Demonspawn Fighter on Jan 3, 2022.
             Killed by divine providence
             ... invoked by an orc priest
              (12 damage)
             ... on level 3 of the Dungeon.
             The game lasted 00:04:28 (2980 turns).

SensoryNuts the Skirmisher (Demonspawn Fighter)     Turns: 2980, Time: 00:04:28

Health: -5/35      AC:  6    Str: 18    XL:     4   Next: 97%
Magic:  4/4        EV:  9    Int: 10    God:
Gold:   74         SH:  4    Dex: 12    Spells: 3/3 levels left

rFire   . . .      SeeInvis .   a - +0 long sword
rCold   . . .      Faith    .   c - +0 buckler
rNeg    . . .      Spirit   .   b - +0 scale mail
rPois   .          Reflect  .   (helmet restricted)
rElec   .          Harm     .   (no cloak)
rCorr   .          Rampage  .   (no gloves)
Will    .....                   (no boots)
Stlth   ..........              (no amulet)
HPRegen 0.00/turn               (no ring)
MPRegen 0.18/turn               (no ring)

@: lethally poisoned (-5 -> -8), inhibited regen
A: hooves 1, horns 1, magic regeneration, inhibited regeneration
a: no special abilities


You were on level 3 of the Dungeon.
You visited 1 branch of the dungeon, and saw 3 of its levels.

You collected 74 gold pieces.

Inventory:

Hand Weapons
 a - a +0 long sword (weapon)
Armour
 b - a +0 scale mail (worn)
 c - a +0 buckler (worn)
Jewellery
 h - a +6 ring of strength
Scrolls
 d - a scroll of blinking {unknown}


   Skills:
 + Level 3.5 Fighting
 + Level 3.1 Long Blades
 + Level 3.4 Armour
 + Level 1.0 Dodging
 + Level 0.1 Stealth
 + Level 3.2 Shields


You had 3 spell levels left.
You didn't know any spells.
Your spell library contained the following spells:

 Spells                   Type           Power      Damage    Failure   Level
 Sublimation of Blood     Necr           0%         N/A       89%         2
 Wereblood                Tmut           0%         N/A       89%         2
 Summon Hydra             Summ           0%         N/A       100%        7


Dungeon Overview and Level Annotations

Branches:
Dungeon (3/15)

Altars:


Innate Abilities, Weirdness & Mutations

You have large cloven feet.
You have a pair of small horns on your head.
You regenerate magic rapidly.
You do not regenerate when monsters are visible.


Message History

You headbutt the orc wizard, but do no damage.
The orc wizard hits you with a +2 dagger of venom.
You are poisoned.
You are too injured to fight recklessly!
You are too injured to fight recklessly!
You are too injured to fight recklessly!
You are too injured to fight recklessly!
You are too injured to fight recklessly!
You are too injured to fight recklessly!
You are too injured to fight recklessly!
You are too injured to fight recklessly!
You are too injured to fight recklessly!
You are too injured to fight recklessly!
You are too injured to fight recklessly!
You are too injured to fight recklessly!
You are too injured to fight recklessly!
You are too injured to fight recklessly!
You are too injured to fight recklessly!
You closely miss the orc priest. Your kick misses the orc priest.
You feel very sick.
The orc priest hits you but does no damage.
The orc wizard closely misses you.
The orc priest hits you but does no damage.
You closely miss the orc priest.
You kick the orc priest, but do no damage.
You feel very sick.
The orc wizard hits you but does no damage.
The orc priest completely misses you.
You hit the orc priest but do no damage.
You kick the orc priest. Your headbutt misses the orc priest.
The orc priest is lightly wounded.
You feel sick. The orc wizard closely misses you.
The orc priest barely misses you.
The orc wizard hits you but does no damage.
You completely miss the orc priest. Your kick misses the orc priest.
The orc priest is lightly wounded.
You feel sick.
The orc priest calls down the wrath of Beogh upon you.
Beogh smites you!
You die...

#......# #......
...... #.... #... #..
.######o# ......o@#
........# ###
........# #.. .#
>.......## #.# .
.......>.## #.# .#
..........####.# .#
............##.####..#
###......##.......#.#
#......#....###...###


You could see an orc priest and an orc wizard.

Vanquished Creatures
  Robin (D:2)
  4 gnolls
  2 adders (D:2)
  A worm (D:2)
  A dart slug (D:2)
  An orc (D:3)
  6 bats
  7 endoplasms
  3 giant cockroaches
  10 goblins
  10 hobgoblins
  A quokka (D:1)
  5 ball pythons (D:2)
  A frilled lizard (D:1)
  4 kobolds
  3 rats
60 creatures vanquished.

Vanquished Creatures (others)
  A fungus (D:2)
  4 plants (D:2)
5 creatures vanquished.

Grand Total: 65 creatures vanquished

Notes
Turn   | Place    | Note
-------+----------+-------------------------------------------
     0 | D:1      | SensoryNuts the Demonspawn Fighter began the quest for the
                  | Orb.
     0 | D:1      | Reached XP level 1. HP: 18/18 MP: 1/1
   197 | D:1      | Discovered your monstrous ancestry.
   197 | D:1      | Gained mutation: You have large cloven feet. [demonic
                  | ancestry]
   197 | D:1      | Reached XP level 2. HP: 24/24 MP: 2/2
   654 | D:1      | Gained mutation: You do not regenerate when monsters are
                  | visible. [potion of mutation]
   741 | D:2      | Gained mutation: You have a pair of small horns on your
                  | head. [demonic ancestry]
   741 | D:2      | Reached XP level 3. HP: 22/29 MP: 3/3
  1703 | D:2      | Found a faded altar of an unknown god.
  1901 | D:3      | Noticed Robin
  2026 | D:2      | Gained mutation: You regenerate magic rapidly. [demonic
                  | ancestry]
  2026 | D:2      | Reached XP level 4. HP: 8/35 MP: 4/4
  2295 | D:2      | Reached skill level 1 in Dodging
  2297 | D:2      | Killed Robin
  2980 | D:3      | Killed from afar by an orc priest

Illustrated notes

Levels and vault maps discovered:
D:1:      tarquinn_simple_flora_water_c, layout_loops_cross
D:2:      layout_loops_cross, serial_rivers, chequers_serial_rivers_room_a,
          chequers_serial_rivers_micro_e, chequers_serial_rivers_marsh,
          chequers_serial_rivers_micro_a, chequers_serial_rivers_room_a,
          chequers_serial_rivers_large_b, shapermc_ecumenical_altar_hornbeckon
D:3:      layout_rooms, mainiacjoe_overflow_tiny_flanked,
          cheibrodos_sewer_entry_sluice, uniq_natasha, uniq_robin

Skill      XL: |  1  2  3  4 |
---------------+-------------+-----
Long Blades    | 2 3 |  3.1
Armour         | 3 |  3.4
Shields        | 3 |  3.2
Dodging        | 1 |  1.0
Fighting       | |  3.5
Stealth        | |  0.1

Action                   |  1- 3 |  4- 6 || total
-------------------------+-------+-------++-------
Melee: Long sword        |   101 |    43 ||   144
       Kick              |    29 |     9 ||    38
       Headbutt          |     6 |     4 ||    10
  Use: Scroll            |     2 |       ||     2
       Potion            |     1 |     1 ||     2
Armor: Scale mail        |    52 |    25 ||    77
Dodge: Dodged            |    58 |    40 ||    98
Block: Buckler           |    26 |    12 ||    38

Table legend: (Time is in decaauts)
 A = Elapsed time spent in this place.
 B = Non-inter-level travel time spent in this place.
 C = Inter-level travel time spent in this place.
 D = Time resting spent in this place.
 E = Time spent auto-exploring this place.
 F = Levels seen in this place.
 G = Mean time per level.
                   A        B        C        D        E       F      G
               +--------+--------+--------+--------+--------+-----+--------+
         Total |   3063 |   2938 |    125 |    133 |   2424 |   3 | 1021.0 |
       Dungeon |   3063 |   2938 |    125 |    133 |   2424 |   3 | 1021.0 |
               +--------+--------+--------+--------+--------+-----+--------+

Top non-repeatable levels by time:
     D:2: 2105 daAuts
     D:1: 741 daAuts
     D:3: 216 daAuts
